 Dungeon Crawl Stone Soup version 0.17-a0-1646-geb1493d (webtiles) character file.

43 LilCorpsy the Twirler (level 3, -2/28 HPs)
             Began as a Demonspawn Gladiator on Aug 10, 2015.
             Was an Initiate of Qazlal.
             Slain by a kobold
             ... wielding a +2 dagger of electrocution
              (12 damage)
             ... on level 3 of the Dungeon.
             The game lasted 00:04:09 (1411 turns).

LilCorpsy the Twirler (Demonspawn Gladiator)        Turns: 1411, Time: 00:04:09

Health: -2/28      AC:  5    Str: 16    XL:     3   Next: 37%
Magic:  0/3        EV: 14    Int:  9    God:    Qazlal [......]
Gold:   78         SH:  0    Dex: 13    Spells: 0 memorised, 2 levels left

rFire  + . .     SeeInvis .     a - +0 quarterstaff
rCold  . . .     Clarity  .     n - +1 leather armour {rF+}
rNeg   . . .     SustAt   .     (no shield)
rPois  .         Gourm    +     c - +0 helmet
rElec  .         Spirit   +     (no cloak)
rCorr  .         Warding  .     (no gloves)
rMut   .         Stasis   .     (no boots)
MR     .....                    b - amulet of the gourmand
Stlth  +.........               w - ring of flight
                                (no ring)

@: lethally poisoned (-2 -> -8), not resistant to hostile enchantments, very
unstealthy
A: repulsion field 1, magic shield
a: Renounce Religion, Evoke Flight


You were on level 3 of the Dungeon.
You worshipped Qazlal.
Qazlal was noncommittal.
You were near starving.

You visited 1 branch of the dungeon, and saw 3 of its levels.

You collected 78 gold pieces.

Inventory:

Hand weapons
 a - a +0 quarterstaff (weapon)
Missiles
 d - 3 throwing nets (quivered)
 m - 122 stones
Armour
 c - a +0 helmet (worn)
 n - a +1 leather armour of fire resistance (worn)
Jewellery
 b - an amulet of the gourmand (around neck)
 w - a ring of flight (right hand)
Magical devices
 t - a wand of polymorph (19)
Scrolls
 j - a scroll of enchant armour {unknown}
 l - a scroll of recharging {unknown}
 u - a scroll of teleportation {unknown}
 v - a scroll of identify {unknown}
Potions
 g - 2 potions of curing {unknown}
 h - a potion of might {unknown}
 i - a potion of poison {unknown}
 k - 2 potions of haste {unknown}
 q - a potion of mutation {unknown}
 r - a potion of brilliance {unknown}
 s - a potion of magic {unknown}
Comestibles
 e - a bread ration
 f - 2 beef jerkies
 o - a slice of pizza
 p - 2 meat rations


   Skills:
 + Level 2.4 Fighting
 * Level 3.4 Staves
 - Level 1.7 Throwing
 + Level 3.1 Dodging


You had 2 spell levels left.
You didn't know any spells.

Dungeon Overview and Level Annotations

Branches:
Dungeon (3/15)

Altars:
Qazlal
Trog
Vehumet


Innate Abilities, Weirdness & Mutations

You are surrounded by a mild repulsion field (EV +2).
When hurt, damage is shared between your health and your magic reserves.


Message History

The kobold wields an uncursed dagger of electrocution.
You hear the crackle of electricity.
The kobold hits you but does no damage.
You closely miss the kobold.
You feel sick. The kobold closely misses you.
You hit the kobold but do no damage.
You feel sick. The kobold barely misses you.
You barely miss the kobold. The kobold misses you.
The kobold barely misses you.
You barely miss the kobold.
You feel sick. The kobold closely misses you.
You closely miss the kobold.
You feel sick. The kobold hits you but does no damage.
You completely miss the kobold.
You feel sick.
The kobold hits you with an uncursed dagger of electrocution.
You are electrocuted!
You miss the kobold.
The kobold hits you with an uncursed dagger of electrocution.
You hit the kobold.
The kobold is almost dead.
You feel sick. The kobold hits you but does no damage.
You are electrocuted!
You die...

##......#. ..#
.........##..# #..
.#...#.......# #.#
###.###..#...# #.#
.#...#.......#.#.##
..._....#....#....#+##
.#...#.......#.#.....#
###.###.#..#.#.#K....#
.#...#.........#@....#
........##.....#.....#
#.#.#.#.##..##.#(....#
#...#.#.##.....#.....#
###.....##.....(..#.....
.. .###...#.#.#######
..... ###.#.#(# ..
#..[#.# #...#.#


You could see a kobold.

Vanquished Creatures
  2 oozes (D:1)
  2 giant geckos
  A ball python (D:1)
  3 bats (D:1)
  4 goblins
  4 hobgoblins
  3 jackals (D:1)
  7 kobolds
  3 rats (D:1)
29 creatures vanquished.

Notes
Turn   | Place    | Note
--------------------------------------------------------------
     0 | D:1      | LilCorpsy the Demonspawn Gladiator began the quest for the Orb.
     0 | D:1      | Reached XP level 1. HP: 16/16 MP: 1/1
    51 | D:1      | Reached skill level 3 in Staves
   174 | D:1      | Gained mutation: You are surrounded by a mild repulsion field (EV +2). [demonic ancestry]
   174 | D:1      | Reached XP level 2. HP: 16/22 MP: 2/2
   516 | D:1      | Gained mutation: When hurt, damage is shared between your health and your magic reserves. [demonic ancestry]
   516 | D:1      | Reached XP level 3. HP: 20/28 MP: 3/3
   959 | D:2      | Found a stormy altar of Qazlal.
   964 | D:2      | Became a worshipper of Qazlal Stormbringer
  1342 | D:2      | Found a bloodstained altar of Trog.
  1380 | D:3      | Found a radiant altar of Vehumet.
  1411 | D:3      | Slain by a kobold

Vault maps used:
D:1:      scummos_arrival_gate
D:2:      grunt_qazlal_clouds, trog_book
D:3:      old_standard_altar, lemuel_round_altar, vehumet_crystals, first_bread

Action                   || total
-------------------------++-------
Melee: Quarterstaff      ||    98
  Use: Scroll            ||     1
 Stab: Sleeping          ||     1
